 Dungeon Crawl Stone Soup version 0.19.0-16-g73b5abf (webtiles) character file.

227423 KarmaPolice the Sharpshooter (level 20, -15/146 HPs)
             Began as a Halfling Hunter on Nov 9, 2016.
             Was the Champion of Okawaru.
             Killed from afar by a nagaraja (31 damage)
             ... with an orb of energy
             ... on level 4 of the Snake Pit on Nov 10, 2016.
             The game lasted 04:06:58 (52910 turns).

KarmaPolice the Sharpshooter (Halfling Hunter)     Turns: 52910, Time: 04:06:59

Health: -15/146    AC: 14    Str: 15    XL:     20   Next: 16%
Magic:  0/28       EV: 26    Int:  9    God:    Okawaru [******]
Gold:   1994       SH:  4    Dex: 25    Spells: 5 memorised, 5 levels left

rFire  + . .     SeeInvis +     e - +10 rapier of Integrity {pierce, rC+ MR- Stlth+}
rCold  + . .     Gourm    .     W - +1 leather armour of Indomitability {Dex+3 Slay+5} (curse)
rNeg   . . .     Faith    .     (shield restricted)
rPois  .         Spirit   +     E - +2 hat {Spirit}
rElec  .         Reflect  +     T - +1 cloak
rCorr  .         Harm     .     D - +0 pair of gloves
MR     ++...                    l - +2 pair of boots of Horelag {+Blink SInv}
Stlth  ++++......               M - +4 amulet of reflection
                                p - +6 ring of slaying
                                I - ring of Moodiness {rF+ MR++ Slay+5 Stlth+}

@: lethally poisoned (-15 -> -16), constricted
A: mutation resistance 1
a: Heroism, Finesse, Renounce Religion, Evoke Blink
}: 1/15 runes: barnacled


You were on level 4 of the Snake Pit.
You worshipped Okawaru.
Okawaru was exalted by your worship.
You were not hungry.

You visited 6 branches of the dungeon, and saw 32 of its levels.
You also visited: Labyrinth and Trove.

You collected 3257 gold pieces.
You spent 1263 gold pieces at shops.

Inventory:

Hand Weapons
 e - the +10 rapier of Integrity (weapon) {pierce, rC+ MR- Stlth+}
   (Okawaru gifted it to you in a labyrinth)

   It inflicts extra damage upon your enemies.
   It protects you from cold.
   It affects your resistance to hostile enchantments.
   It makes you more stealthy.
 F - the +7 triple crossbow "Ysum" {freeze, rPois}
   (Okawaru gifted it to you on level 3 of the Shoals)

   It causes projectiles fired from it to freeze those they strike, causing
   extra injury to most foes and up to half again as much damage against
   particularly susceptible opponents.
   They can also slow down cold-blooded creatures.
   It protects you from poison.
 R - a +5 quick blade
Missiles
 d - 393 bolts
Armour
 a - a +2 shield of reflection
 l - the +2 pair of boots of Horelag (worn) {+Blink SInv}
   (You found it on level 2 of the Shoals)

   It lets you see invisible.
   It lets you blink.
 D - a +0 pair of gloves (worn)
 E - a +2 hat of spirit shield (worn)
 T - a +1 cloak (worn)
 W - the cursed +1 leather armour of Indomitability (worn) {Dex+3 Slay+5}
   (You found it on level 2 of the Snake Pit)

   It affects your dexterity (+3).
   It affects your accuracy and damage with ranged weapons and melee attacks
   (+5).
   It has a curse placed upon it.
Jewellery
 g - an uncursed ring of resist corrosion
 h - an uncursed ring of protection from cold
 p - a +6 ring of slaying (right hand)
 I - the ring of Moodiness (left hand) {rF+ MR++ Slay+5 Stlth+}
   (You found it on level 1 of the Shoals)

   [ring of slaying]

   It affects your accuracy and damage with ranged weapons and melee attacks
   (+5).
   It protects you from fire.
   It affects your resistance to hostile enchantments.
   It makes you more stealthy.
 M - a +4 amulet of reflection (around neck)
 N - an uncursed ring of protection from fire
Wands
 s - a wand of hasting (5/9)
 u - a wand of heal wounds (9/9)
 y - a wand of teleportation (2/9)
 Y - a wand of acid (6/15)
Scrolls
 b - 15 scrolls of remove curse
 i - 6 scrolls of amnesia
 o - 8 scrolls of teleportation
 w - a scroll of blinking
 x - 5 scrolls of enchant weapon
 C - 6 scrolls of magic mapping
 G - 4 scrolls of fog
 J - 3 scrolls of enchant armour
 L - 3 scrolls of recharging
 V - a scroll of silence {unknown}
 Z - 2 scrolls of fear
Potions
 c - 2 potions of haste
 j - 9 potions of curing
 k - 2 potions of agility
 n - a potion of magic
 r - 3 potions of flight
 t - 2 potions of cancellation
 A - a potion of mutation {unknown}
 B - 4 potions of might {unknown}
 H - 3 potions of brilliance {unknown}
 Q - 2 potions of invisibility
 S - a potion of cure mutation {unknown}
 X - 3 potions of berserk rage
Miscellaneous
 q - a box of beasts
 K - 2 phantom mirrors
 P - 3 sacks of spiders
Comestibles
 f - 12 bread rations
 m - 10 beef jerkies
 v - 30 fruits
 z - 19 royal jellies
 U - 5 chunks of flesh


   Skills:
 + Level 15.6 Fighting
 - Level 8.0(10.9) Short Blades
   Level 10.1(10.9) Long Blades
 + Level 17.5 Crossbows
 - Level 9.4 Armour
 + Level 13.3 Dodging
 - Level 1.1 Stealth
 - Level 6.4 Shields
 - Level 5.3 Spellcasting
 + Level 7.6 Hexes
 - Level 8.0 Invocations
 - Level 9.2 Evocations


You had 5 spell levels left.
You knew the following spells:

 Your Spells              Type           Power        Failure   Level  Hunger
a - Invisibility          Hex            ###.....     99%         6    #######
b - Swiftness             Chrm/Air       #.......     50%         2    ##.....
c - Silence               Hex/Air        #.........   98%         5    ######.
d - Deflect Missiles      Chrm/Air       #.........   100%        6    #######
e - Yara's Violent Unrav  Hex/Tmut       #.........   98%         5    ######.


Dungeon Overview and Level Annotations

Branches:
Dungeon (15/15)            Temple (1/1) D:5            Lair (6/6) D:11
 Shoals (4/4) Lair:2        Snake (4/4) Lair:4        Slime (0/5) Lair:6
    Orc (2/2) D:9             Elf (0/3) Orc:2        Vaults (0/5) D:13
 Depths (0/5) D:15

Altars:
Ashenzari
Cheibriados
Dithmenos
Elyvilon
Fedhas
Gozag
Hepliaklqana
Kikubaaqudgha
Makhleb
Nemelex Xobeh
Okawaru
Qazlal
Ru
Sif Muna
Trog
Uskayaw
Vehumet
Xom
Yredelemnul
Zin
The Shining One
Beogh
Jiyva

Shops:
D:5 }   D:7 =   D:8 ?   D:12 [   Orc:2 !*(}   Snake:2 ??[(([=??   Snake:3 :
Snake:4 %

Annotations:
Lair:6 1 runed door


Innate Abilities, Weirdness & Mutations

You are small and have problems with some larger weapons.
You are somewhat resistant to further mutation.


Message History

The splash of poison hits you!
You are poisoned.
* * * LOW HITPOINT WARNING * * *
x2 The nagaraja constricts you.
You feel much better.
You feel sick. The nagaraja closely misses you.
* * * LOW HITPOINT WARNING * * *
The nagaraja constricts you.
Evoke which item? (* to show all) (? for menu, Esc to quit)
Okay, then.
You hit the nagaraja.
The nagaraja is almost dead.
The naga sharpshooter casts a spell.
The naga sharpshooter magically shoots a bolt.
The bolt hits you!!
* * * LOW HITPOINT WARNING * * *
The bolt freezes you.
* * * LOW HITPOINT WARNING * * *
The nagaraja gestures at you while chanting.
The orb of energy hits you!
You die...

...................# ...(.
...................# ..(..
...................#..)(.§
...................#....≈§
.............(....##).§≈≈§
.............)...##)§.§≈≈§
...##...........##)..§§§#
..###..........##NN≈§§#
...#..........##@(≈§§##
.............##..≈≈§##
.....##.....##..≈.≈##
....####...##..≈≈≈##
....###....#.§§§≈##
...........#.§§≈≈#
..........##)#####
..........#..#
............##


You could see a nagaraja and a naga sharpshooter.

Vanquished Creatures
  Polyphemus (Shoals:2)
  Frances (D:14)
  5 krakens
  Donald (Shoals:2)
  Ilsuiw (Shoals:4)
  6 nagarajas
  Nessos (Lair:5)
  Azrael (Orc:2)
  The ghost of Vajrapani the Geomancer, a journeyman DgEE (Lair:2)
  A minotaur (Lab)
  5 merfolk javelineers
  A yaktaur captain (D:13)
  Josephine (Orc:1)
  The ghost of Xelenos the Cleaver, a journeyman MiFi of Okawaru (D:12)
  9 merfolk impalers
  6 hydras
  The ghost of Chiseanne the Destroyer, a journeyman DsWz of Vehumet (Orc:2)
  10 naga warriors
  Harold (D:9)
  Erolcha (Orc:2)
  8 anacondas
  6 merfolk avatars
  4 ogre magi (Orc:2)
  6 centaur warriors
  3 catoblepae
  4 merfolk aquamancers
  2 dancing weapons (D:13)
  A satyr (Shoals:4)
  2 death yaks (Shoals:2)
  6 naga sharpshooters
  Sonja (Lair:3)
  4 shock serpents
  A salamander mystic (Snake:3)
  19 sea snakes
  5 unseen horrors
  A death drake (shapeshifter) (D:15)
  The ghost of feelmyfire the Destroyer, a novice DECj of Vehumet (D:9)
  A kraken simulacrum (Shoals:4)
  20 harpies
  A lindwurm (Snake:4)
  A hill giant (shapeshifter) (D:15)
  6 hill giants
  Pikel (D:8)
  8 naga ritualists
  16 mana vipers
  15 fauns
  2 orc knights
  7 salamanders
  A wolf spider (Lair:6)
  10 cyclopes
  A glowing shapeshifter (D:15)
  3 ugly things
  15 manticores
  2 guardian serpents
  13 water nymphs
  15 sirens
  18 elephants
  41 black mambas
  3 centaur zombies (D:14)
  19 naga magi
  A gargoyle (D:14)
  13 spiny frogs
  A yaktaur (D:14)
  6 komodo dragons
  2 rime drakes
  A komodo dragon (shapeshifter) (D:13)
  A freezing wraith (D:15)
  A minotaur zombie (Lab)
  A queen bee (Lair:4)
  12 trolls
  A polar bear (Lair:6)
  3 meliai (Lair:4)
  4 hornets
  15 two-headed ogres
  42 merfolk
  Grinder (D:4)
  4 wind drakes
  9 slime creatures (D:15)
  15 hippogriffs
  Prince Ribbit (D:6)
  A two-headed ogre (shapeshifter) (D:13)
  A meliai zombie (D:11)
  16 dream sheep
  15 blink frogs
  A hippogriff (shapeshifter) (D:15)
  7 snapping turtles
  A shadow (D:11)
  9 water elementals
  A redback (Lair:6)
  7 wraiths
  4 fire elementals (Orc:2)
  10 wyverns
  18 yaks
  A basilisk (D:15)
  2 hungry ghosts
  5 vampire mosquitoes
  A mottled dragon (D:11)
  34 nagas
  A soldier ant (D:11)
  4 wargs
  18 water moccasins
  5 ice beasts
  A hell hound (Orc:2)
  6 porcupines
  11 orc warriors
  A slave (D:8)
  A sky beast (D:13)
  2 black bears (D:9)
  4 phantoms
  40 ogres
  A necrophage (D:8)
  4 boggarts (D:15)
  13 wolves
  15 centaurs
  11 crocodiles
  2 big kobolds
  17 bullfrogs
  A wyvern zombie (D:14)
  A gnoll sergeant (D:6)
  2 water moccasin zombies
  4 wyvern skeletons
  2 water moccasin skeletons
  7 scorpions
  28 killer bees
  A troll skeleton (Lab)
  5 electric eels
  21 wights
  3 howler monkeys
  A spriggan skeleton (Lab)
  9 crimson imps
  8 hounds
  16 orc priests
  3 bullfrog skeletons
  13 orc wizards
  10 jellies
  6 centaur skeletons
  Terence (D:3)
  21 worker ants
  2 iguanas
  A killer bee zombie (D:8)
  An ogre skeleton (Lab)
  A hound zombie (D:8)
  2 hound skeletons
  A mummy (D:8)
  2 worker ant zombies
  A howler monkey skeleton (D:4)
  23 adders
  14 gnolls
  7 shadow imps
  An ooze (D:1)
  2 adder zombies (D:8)
  2 adder skeletons (D:8)
  4 worms
  5 dart slugs
  8 leopard geckos
  55 orcs
  3 ball pythons
  12 bats
  8 giant cockroaches
  7 goblins
  7 hobgoblins
  12 jackals
  18 kobolds
  5 quokkas
  6 frilled lizards
  A leopard gecko skeleton (D:6)
  6 rats
  2 fungi
  10 plants
  3 tentacles
1168 creatures vanquished.

Vanquished Creatures (others)
  A naga warrior (Snake:4)
  A naga mage (Snake:2)
  A black mamba (Snake:3)
  A merfolk (Shoals:4)
  A hound (D:8)
  An orc wizard (D:9)
  A quokka (D:9)
  A bush (Lair:6)
  22 fungi
  55 plants
  104 tentacles
  3 withered plants (D:8)
192 creatures vanquished.

Grand Total: 1360 creatures vanquished

Notes
Turn   | Place    | Note
-------+----------+-------------------------------------------
     0 | D:1      | KarmaPolice the Halfling Hunter began the quest for the Orb.
     0 | D:1      | Reached XP level 1. HP: 14/14 MP: 1/1
   161 | D:1      | Reached skill level 1 in Short Blades
   161 | D:1      | Reached XP level 2. HP: 19/19 MP: 2/2
   498 | D:1      | Reached XP level 3. HP: 24/24 MP: 3/3
  1207 | D:2      | Found an ancient bone altar of Kikubaaqudgha.
  1219 | D:2      | Found a burning altar of Makhleb.
  1222 | D:2      | Found a radiant altar of Vehumet.
  1349 | D:2      | Reached XP level 4. HP: 30/30 MP: 4/4
  1408 | D:2      | Reached skill level 5 in Crossbows
  1712 | D:2      | Reached XP level 5. HP: 15/35 MP: 5/5
  3149 | D:3      | Reached XP level 6. HP: 36/42 MP: 6/6
  3217 | D:3      | Noticed an ogre
  3237 | D:3      | Killed an ogre
  3237 | D:3      | Reached skill level 1 in Evocations
  3492 | D:3      | Noticed Terence
  3512 | D:3      | Killed Terence
  3989 | D:5      | Entered Level 5 of the Dungeon
  4067 | D:4      | Reached XP level 7. HP: 38/46 MP: 8/8
  4130 | D:5      | Found a basalt altar of Yredelemnul.
  4138 | D:5      | Got a dazzling short sword
  4146 | D:5      | Identified the +6 short sword of Defiance {pierce, +Blink Int+4} (You found it on level 5 of the Dungeon)
  4257 | D:4      | Reached skill level 6 in Crossbows
  4266 | D:4      | Noticed Grinder
  4287 | D:4      | Killed Grinder
  4287 | D:4      | Reached skill level 5 in Short Blades
  4514 | D:4      | Reached XP level 8. HP: 48/54 MP: 10/10
  5734 | D:5      | Found a staircase to the Ecumenical Temple.
  5744 | Temple   | Entered the Ecumenical Temple
  5805 | Temple   | Became a worshipper of Warmaster Okawaru
  5969 | D:5      | Reached skill level 7 in Crossbows
  6237 | D:5      | Reached skill level 5 in Fighting
  6254 | D:5      | Reached skill level 1 in Armour
  6283 | D:5      | Found Vismaa's Gadget Boutique.
  6292 | D:5      | Reached * piety under Okawaru
  6379 | D:5      | Reached XP level 9. HP: 61/61 MP: 12/12
  6625 | D:6      | Reached skill level 1 in Invocations
  7431 | D:6      | Found a stormy altar of Qazlal.
  7472 | D:6      | Reached skill level 8 in Crossbows
  7513 | D:6      | Reached ** piety under Okawaru
  8105 | D:6      | Noticed Prince Ribbit
  8120 | D:6      | Killed Prince Ribbit
  8540 | D:6      | Reached XP level 10. HP: 68/68 MP: 13/13
  8634 | D:7      | Found Coiheas's Jewellery Emporium.
  8643 | D:7      | Bought a +1 ring of protection for 33 gold pieces
  8643 | D:7      | Bought a cursed amulet of inaccuracy for 22 gold pieces
  9025 | D:7      | Found a glowing golden altar of the Shining One.
  9270 | D:7      | Reached *** piety under Okawaru
  9270 | D:7      | Reached skill level 9 in Crossbows
  9339 | D:7      | Found a hazy altar of Hepliaklqana.
 10062 | D:8      | Found Duipitz's Magic Scroll Shop.
 10611 | D:8      | Reached skill level 1 in Shields
 10739 | D:8      | Reached **** piety under Okawaru
 11388 | D:8      | Noticed Pikel
 11408 | D:8      | Killed Pikel
 11408 | D:8      | Reached XP level 11. HP: 58/75 MP: 14/14
 11690 | D:8      | Found a hazy altar of Hepliaklqana.
 11909 | D:9      | Reached skill level 10 in Crossbows
 12321 | D:9      | Found a white marble altar of Elyvilon.
 12603 | D:9      | Found a stormy altar of Qazlal.
 13264 | D:9      | Noticed feelmyfire's ghost (novice DECj)
 13284 | D:9      | Killed feelmyfire's ghost
 13284 | D:9      | Reached ***** piety under Okawaru
 13293 | D:9      | Found a staircase to the Orcish Mines.
 13326 | D:9      | Reached skill level 5 in Shields
 14164 | D:9      | Received a gift from Okawaru
 14164 | D:9      | Reached skill level 5 in Evocations
 14212 | D:10     | Entered Level 10 of the Dungeon
 14304 | D:10     | Reached skill level 11 in Crossbows
 14477 | D:10     | Received a gift from Okawaru
 15320 | D:11     | Reached XP level 12. HP: 39/85 MP: 15/15
 15417 | D:11     | Found a staircase to the Lair.
 15557 | D:11     | Received a gift from Okawaru
 15623 | D:11     | Found a white marble altar of Elyvilon.
 15753 | D:11     | Reached skill level 5 in Invocations
 15898 | D:11     | Received a gift from Okawaru
 16017 | D:11     | Paralysed by a hornet for 2 turns
 16580 | Lair:1   | Entered Level 1 of the Lair of Beasts
 16758 | Lair:1   | Received a gift from Okawaru
 17626 | Lair:2   | Reached skill level 12 in Crossbows
 17633 | Lair:2   | Reached skill level 5 in Dodging
 17647 | Lair:2   | Noticed a catoblepas
 17709 | Lair:2   | Killed a catoblepas
 17791 | Lair:2   | Found a labyrinth entrance.
 17802 | Lab      | Entered a labyrinth
 17845 | Lab      | Received a gift from Okawaru
 17860 | Lab      | Got a faintly glowing rapier {god gift}
 17861 | Lab      | Identified the +10 rapier of Integrity {pierce, rC+ MR- Stlth+} (Okawaru gifted it to you in a labyrinth)
 18240 | Lab      | Noticed a minotaur
 18253 | Lab      | Killed a minotaur
 18279 | Lab      | Got a black opal-encrusted ring mail
 18290 | Lab      | Identified the +0 ring mail of Pehoishull {rF- Int+3 Slay+4} (You found it in a labyrinth)
 18337 | Lab      | Reached skill level 10 in Fighting
 18623 | Lair:2   | Found a staircase to the Shoals.
 18741 | Lair:2   | Paralysed by a hornet for 3 turns
 18829 | Lair:2   | Noticed Vajrapani's ghost (journeyman DgEE)
 18841 | Lair:2   | Reached XP level 13. HP: 26/92 MP: 18/18
 19326 | Lair:2   | Killed Vajrapani's ghost
 19577 | Lair:2   | Received a gift from Okawaru
 19982 | Lair:4   | Found a burning altar of Makhleb.
 20147 | Lair:3   | Received a gift from Okawaru
 20174 | Lair:3   | Reached skill level 5 in Armour
 20513 | Lair:3   | Received a gift from Okawaru
 20692 | Lair:3   | Noticed a seven-headed hydra
 20698 | Lair:3   | Killed a seven-headed hydra
 20912 | Lair:3   | Noticed Sonja
 20915 | Lair:3   | Killed Sonja
 21048 | Lair:3   | Received a gift from Okawaru
 21051 | Lair:3   | Got a crude short sword {god gift}
 21052 | Lair:3   | Identified the +6 short sword of Sunlight {pierce, rElec rN+} (Okawaru gifted it to you on level 3 of the Lair of Beasts)
 22474 | Lair:4   | Noticed a four-headed hydra
 22515 | Lair:4   | Killed a four-headed hydra
 22645 | Lair:4   | Reached skill level 13 in Crossbows
 22849 | Lair:4   | Received a gift from Okawaru
 22966 | Lair:4   | Found a staircase to the Snake Pit.
 23263 | Lair:4   | Reached XP level 14. HP: 101/101 MP: 20/20
 23386 | Lair:4   | Received a gift from Okawaru
 23482 | Lair:4   | Received a gift from Okawaru
 23498 | Lair:4   | Learned a level 6 spell: Invisibility
 23648 | Lair:4   | Reached skill level 1 in Long Blades
 24206 | Lair:5   | Noticed Nessos
 24217 | Lair:5   | Killed Nessos
 24217 | Lair:5   | Received a gift from Okawaru
 24541 | Lair:5   | Learned a level 2 spell: Swiftness
 24871 | Lair:6   | Entered Level 6 of the Lair of Beasts
 24934 | Lair:6   | Received a gift from Okawaru
 25341 | Lair:5   | Received a gift from Okawaru
 26372 | Lair:6   | Got a slimy chain mail
 26446 | Lair:6   | Paralysed by a hornet for 1 turns
 26608 | Lair:6   | Found a runed door.
 26611 | Lair:6   | Found a viscous altar of Jiyva.
 26611 | Lair:6   | Found a staircase to the Slime Pits.
 26611 | Lair:6   | Noticed an acid blob
 26611 | Lair:6   | Noticed an acid blob
 26727 | Lair:6   | Reached skill level 14 in Crossbows
 26736 | Lair:6   | Reached skill level 5 in Long Blades
 27030 | Lair:6   | Reached XP level 15. HP: 42/108 MP: 16/21
 27760 | Lair:6   | Received a gift from Okawaru
 28040 | Lair:1   | Identified the +1 chain mail of the Sacrificial Victim {rF- Str+3 Int+6} (You found it on level 6 of the Lair of Beasts)
 28149 | Orc:1    | Entered Level 1 of the Orcish Mines
 28205 | Orc:1    | Noticed Josephine
 28217 | Orc:1    | Killed Josephine
 28754 | Orc:1    | Noticed Harold
 29045 | D:8      | Bought a scroll of identify for 26 gold pieces
 29045 | D:8      | Bought a scroll of identify for 26 gold pieces
 29045 | D:8      | Bought a scroll of identify for 26 gold pieces
 29045 | D:8      | Bought a scroll of identify for 26 gold pieces
 29045 | D:8      | Bought a scroll of identify for 26 gold pieces
 29054 | D:8      | Bought a scroll of enchant weapon for 97 gold pieces
 29054 | D:8      | Bought a scroll of enchant weapon for 97 gold pieces
 29409 | D:9      | Killed Harold
 29542 | Orc:1    | Found a roughly hewn altar of Beogh.
 29756 | Orc:2    | Entered Level 2 of the Orcish Mines
 29766 | Orc:2    | Noticed Chiseanne's ghost (journeyman DsWz)
 29781 | Orc:2    | Killed Chiseanne's ghost
 29948 | Orc:2    | Noticed Erolcha
 30061 | Orc:2    | Killed Erolcha
 30134 | Orc:2    | Noticed Azrael
 30140 | Orc:2    | HP: 5/108 [hell hound/blast of flame[Azrael] (20)]
 30580 | Orc:2    | Killed Azrael
 31195 | Orc:2    | Received a gift from Okawaru
 31489 | Orc:2    | Reached ****** piety under Okawaru
 31489 | Orc:2    | Received a gift from Okawaru
 31597 | Orc:2    | Found a staircase to the Elven Halls.
 32019 | Orc:2    | Found Etwyer Peba's Weapon Shoppe.
 32019 | Orc:2    | Found Unkeicki's Gadget Boutique.
 32023 | Orc:2    | Found Fytug's Distillery.
 32023 | Orc:2    | Found Hydalece's Assorted Antiques.
 32040 | Orc:2    | Bought a potion of berserk rage for 50 gold pieces
 32040 | Orc:2    | Bought a potion of flight for 30 gold pieces
 32040 | Orc:2    | Bought a potion of heal wounds for 50 gold pieces
 32040 | Orc:2    | Bought a potion of curing for 30 gold pieces
 32040 | Orc:2    | Bought a potion of curing for 30 gold pieces
 32040 | Orc:2    | Bought a potion of heal wounds for 50 gold pieces
 32551 | D:12     | Noticed Xelenos's ghost (journeyman MiFi)
 33866 | D:12     | Killed Xelenos's ghost
 34049 | D:12     | Learned a level 5 spell: Silence
 34069 | D:12     | Found Azatebeu's Armour Emporium.
 34278 | D:13     | Found a shattered altar of Ashenzari.
 34286 | D:13     | Reached skill level 15 in Crossbows
 34499 | D:13     | Found a snail-covered altar of Cheibriados.
 34555 | D:13     | Reached XP level 16. HP: 108/116 MP: 19/22
 34898 | D:13     | Received a gift from Okawaru
 34902 | D:13     | Reached skill level 1 in Spellcasting
 34903 | D:13     | Found a gate to the Vaults.
 35236 | D:13     | Received a gift from Okawaru
 35390 | D:14     | Received a gift from Okawaru
 35599 | D:14     | Noticed Frances
 35619 | D:14     | Killed Frances
 35938 | D:14     | Learned a level 6 spell: Deflect Missiles
 36331 | D:14     | Received a gift from Okawaru
 36334 | D:14     | Got a pitted arbalest {god gift}
 36335 | D:14     | Identified the +6 arbalest of Folosipp {venom, Str+8} (Okawaru gifted it to you on level 14 of the Dungeon)
 36365 | D:15     | Entered Level 15 of the Dungeon
 36652 | D:15     | Found a portal to a secret trove of treasure.
 37710 | D:15     | Found a staircase to the Depths.
 37741 | D:15     | Received a gift from Okawaru
 37886 | D:15     | Reached skill level 10 in Dodging
 38530 | Shoals:1 | Entered Level 1 of the Shoals
 38884 | Shoals:1 | Received a gift from Okawaru
 39062 | Shoals:1 | Got a flickering brass ring
 39114 | Shoals:1 | Received a gift from Okawaru
 39176 | Shoals:1 | Reached XP level 17. HP: 87/123 MP: 17/23
 39183 | Shoals:1 | Received a gift from Okawaru
 39213 | Shoals:1 | Noticed a kraken
 39274 | Shoals:1 | Killed a kraken
 39477 | Shoals:1 | Identified the ring of Moodiness {rF+ MR++ Slay+5 Stlth+} (You found it on level 1 of the Shoals)
 40386 | Shoals:2 | Noticed Donald
 40403 | Shoals:2 | Killed Donald
 40403 | Shoals:2 | Reached skill level 10 in Long Blades
 40484 | Shoals:2 | Learned a level 5 spell: Yara's Violent Unravelling
 40788 | Shoals:2 | Noticed Polyphemus
 41028 | Shoals:2 | Killed Polyphemus
 41028 | Shoals:2 | Reached skill level 5 in Spellcasting
 41049 | Shoals:2 | Noticed a kraken
 41049 | Shoals:2 | Noticed a kraken
 41260 | Shoals:2 | Killed a kraken
 41272 | Shoals:2 | Killed a kraken
 41387 | Shoals:2 | Noticed a kraken
 41438 | Shoals:2 | Killed a kraken
 41455 | Shoals:2 | Noticed a kraken
 41470 | Shoals:2 | Killed a kraken
 41470 | Shoals:2 | Received a gift from Okawaru
 41487 | Shoals:2 | Got a pair of crude boots
 41494 | Shoals:2 | Identified the +2 pair of boots of Horelag {+Blink SInv} (You found it on level 2 of the Shoals)
 41684 | Shoals:2 | Received a gift from Okawaru
 41878 | Shoals:2 | Reached skill level 1 in Hexes
 41993 | Shoals:3 | Received a gift from Okawaru
 41999 | Shoals:3 | Got an ancient triple crossbow {god gift}
 42000 | Shoals:3 | Identified the +7 triple crossbow "Ysum" {freeze, rPois} (Okawaru gifted it to you on level 3 of the Shoals)
 42498 | Shoals:3 | Reached XP level 18. HP: 119/131 MP: 24/26
 42658 | Shoals:3 | Received a gift from Okawaru
 43183 | Shoals:4 | Entered Level 4 of the Shoals
 43587 | Shoals:3 | Upgraded the game from 0.19.0-11-g3fc08b3 to 0.19.0-16-g73b5abf
 44010 | Shoals:4 | Got a slimy tin ring
 44012 | Shoals:4 | Identified the ring "Opucug" {+Fly Int+3 SInv} (You found it on level 4 of the Shoals)
 44216 | Shoals:4 | Noticed Ilsuiw
 44409 | Shoals:4 | Reached skill level 16 in Crossbows
 44761 | Shoals:3 | Received a gift from Okawaru
 45523 | Shoals:4 | Killed Ilsuiw
 45630 | Shoals:4 | Received a gift from Okawaru
 46896 | Shoals:4 | Reached skill level 5 in Hexes
 47288 | Shoals:4 | Got a barnacled rune of Zot
 47483 | Snake:1  | Entered Level 1 of the Snake Pit
 47494 | Lair:4   | Received a gift from Okawaru
 47844 | Snake:1  | Reached XP level 19. HP: 138/138 MP: 27/27
 48316 | Snake:1  | Reached skill level 15 in Fighting
 48335 | Snake:1  | Identified the Papyrus of Enchanting Heat
 49566 | Snake:2  | Found Ewaant's Magic Scroll Shop.
 49729 | Snake:2  | Reached skill level 17 in Crossbows
 49855 | Snake:2  | Found Yvithoh's Magic Scroll Boutique.
 49860 | Snake:2  | Found Yghuaxer's Armour Boutique.
 49860 | Snake:2  | Found Riuched's Weapon Shop.
 49864 | Snake:2  | Found Etuibee's Antique Armour Shop.
 49932 | Snake:2  | Found Ithraphi's Magic Scroll Shoppe.
 49941 | Snake:2  | Got a distressingly furry leather armour
 49949 | Snake:2  | Found Piampy's Antique Weapon Emporium.
 50075 | Snake:2  | Found Ycoibypn's Jewellery Emporium.
 50119 | Snake:2  | Bought a scroll of identify for 34 gold pieces
 50119 | Snake:2  | Bought a scroll of identify for 34 gold pieces
 50119 | Snake:2  | Bought a scroll of identify for 34 gold pieces
 50142 | Snake:2  | Bought a cursed -6 ring of evasion for 28 gold pieces
 50260 | Snake:2  | Found Hutti's Magic Scroll Emporium.
 50263 | Snake:2  | Bought a scroll of identify for 38 gold pieces
 50263 | Snake:2  | Bought a scroll of identify for 38 gold pieces
 50263 | Snake:2  | Bought a scroll of identify for 38 gold pieces
 50263 | Snake:2  | Bought a scroll of recharging for 180 gold pieces
 50286 | Snake:2  | Bought a scroll of identify for 32 gold pieces
 50286 | Snake:2  | Bought a scroll of identify for 32 gold pieces
 50286 | Snake:2  | Bought a scroll of identify for 32 gold pieces
 50286 | Snake:2  | Bought a scroll of identify for 32 gold pieces
 50286 | Snake:2  | Bought a scroll of identify for 32 gold pieces
 50367 | Snake:2  | Bought a scroll of identify for 30 gold pieces
 50367 | Snake:2  | Bought a scroll of identify for 30 gold pieces
 50441 | Snake:2  | Identified the cursed +1 leather armour of Indomitability {Dex+3 Slay+5} (You found it on level 2 of the Snake Pit)
 50686 | D:15     | You paid a toll of 18 scrolls of identify to enter a treasure trove
 50687 | Trove    | Entered a treasure trove
 51178 | Snake:3  | Received a gift from Okawaru
 51426 | Snake:3  | Found a snail-covered altar of Cheibriados.
 51498 | Snake:3  | Received a gift from Okawaru
 51739 | Snake:3  | Received a gift from Okawaru
 51903 | Snake:3  | Found Nosurun's Book Emporium.
 52282 | Snake:4  | Entered Level 4 of the Snake Pit
 52352 | Snake:4  | Reached XP level 20. HP: 146/146 MP: 28/28
 52690 | Snake:4  | Received a gift from Okawaru
 52759 | Snake:4  | Found Turiely's Food Shop.
 52901 | Snake:4  | Received a gift from Okawaru
 52910 | Snake:4  | Killed from afar by a nagaraja

Skill      XL: |  1  2  3  4  5  6  7  8  9 10 11 12 13 14 15 16 17 18 19 |
---------------+----------------------------------------------------------+-----
Short Blades   | 1 2 3 4 5 6 7 8 |  8.0
Fighting       | 2 3 4 5 6 7 9 10 11 12 13 14 15 | 15.6
Crossbows      | 5 6 7 8 9 11 12 13 14 15 16 17 | 17.5
Evocations     | 1 2 4 5 7 9 |  9.2
Armour         | 1 4 6 7 9 |  9.4
Invocations    | 3 4 6 8 |  8.0
Dodging        | 3 5 6 8 10 11 13 | 13.3
Shields        | 3 6 |  6.4
Long Blades    | 5 7 9 10 | 10.1
Spellcasting   | 4 5 |  5.3
Hexes          | 2 5 7 |  7.6
Stealth        | |  1.1

Action                   |  1- 3 |  4- 6 |  7- 9 | 10-12 | 13-15 | 16-18 | 19-21 || total
-------------------------+-------+-------+-------+-------+-------+-------+-------++-------
Melee: Short sword       |   146 |   106 |   209 |   645 |       |       |       ||  1106
       Dagger            |       |   142 |    11 |       |       |       |       ||   153
       Rapier            |       |       |       |    29 |   512 |   394 |    81 ||  1016
       Punch             |       |       |       |       |     2 |     3 |       ||     5
       Arbalest          |       |       |       |       |       |     2 |       ||     2
       Quick blade       |       |       |       |       |       |    16 |       ||    16
 Fire: Hand crossbow     |       |    42 |   171 |   492 |       |       |       ||   705
       Blowgun           |       |     4 |     8 |     7 |       |       |       ||    19
       Arbalest          |       |       |       |    40 |   656 |   488 |       ||  1184
       Triple crossbow   |       |       |       |       |       |   268 |   309 ||   577
Invok: Heroism           |       |       |     1 |     9 |     7 |     2 |       ||    19
       Finesse           |       |       |       |     3 |     9 |     6 |       ||    18
Evoke: Wand              |       |       |       |     1 |     6 |       |       ||     7
       Sack of spiders   |       |       |       |       |     1 |       |       ||     1
  Use: Scroll            |       |       |     7 |     6 |    13 |     8 |     6 ||    40
       Potion            |       |       |       |     5 |     5 |     8 |     1 ||    19
 Stab: Sleeping          |     2 |     4 |       |     4 |       |       |       ||    10
       Distracted        |       |     1 |       |       |       |       |       ||     1
       Confused          |       |       |       |       |     1 |       |       ||     1
  Eat: Chunk             |     2 |     7 |    16 |    23 |    40 |    24 |     3 ||   115
       Pizza             |       |       |     1 |     1 |     1 |       |       ||     3
       Meat ration       |       |       |       |     2 |     1 |     3 |     3 ||     9
       Fruit             |       |       |       |       |     2 |     1 |     2 ||     5
Armor: Leather armour    |    57 |    60 |    31 |    66 |       |       |    10 ||   224
       Troll leather arm |       |       |       |    45 |       |       |       ||    45
       Ring mail         |       |       |       |     8 |   177 |   155 |    17 ||   357
Dodge: Dodged            |   165 |   172 |   149 |   444 |   679 |   696 |   206 ||  2511
Block: Other             |       |       |     5 |    72 |   148 |   118 |    29 ||   372
       Buckler           |       |       |       |   229 |       |    14 |       ||   243
       Reflection        |       |       |       |     9 |     1 |    21 |     7 ||    38
